 Dungeon Crawl Stone Soup version 0.17-a0-1007-gb2305a1 (webtiles) character file.

66 Jine the Covered (level 4, 0/35 HPs)
             Began as a Human Fighter on May 13, 2015.
             Succumbed to Crazy Yiuf's poison
             ... while paralysed by Crazy Yiuf
             ... on level 2 of the Dungeon.
             The game lasted 00:08:15 (2450 turns).

Jine the Covered (Human Fighter)                    Turns: 2450, Time: 00:08:16

Health: 0/35       AC:  6    Str: 17    XL:     4   Next: 37%
Magic:  3/4        EV:  2    Int:  9    God:
Gold:   92         SH:  0    Dex: 12    Spells: 0 memorised, 3 levels left

rFire  . . .     SeeInvis .     w - +0 hammer (curse)
rCold  . . .     Clarity  .     b - +0 scale mail
rNeg   . . .     SustAb   .     c - +0 shield
rPois  .         Gourm    .     (no helmet)
rElec  .         Spirit   .     (no cloak)
rCorr  .         Warding  .     (no gloves)
rMut   .         Stasis   .     (no boots)
MR     .....                    p - amulet of rage
Stlth  ..........               (no ring)
                                (no ring)

@: paralysed, lethally poisoned (0 -> -16), very slightly contaminated,
invisible (expiring), not resistant to hostile enchantments, extremely
unstealthy
A: no striking features
a: Evoke Berserk Rage


You were on level 2 of the Dungeon.
You were not hungry.

You visited 1 branch of the dungeon, and saw 2 of its levels.

You collected 92 gold pieces.

Inventory:

Hand weapons
 a - a +0 flail
 g - a +0 hunting sling
 w - a cursed +0 hammer (weapon)
 x - a +5 hammer
Armour
 b - a +0 scale mail (worn)
 c - a +0 shield (worn)
Jewellery
 p - an amulet of rage (around neck)
Magical devices
 u - a wand of magic darts (17)
Scrolls
 h - a scroll of teleportation
 j - a scroll of blinking
 l - 4 scrolls of identify
Potions
 f - a potion of brilliance
Comestibles
 i - 2 fruits
 k - a beef jerky
 r - a meat ration


   Skills:
 + Level 3.4 Fighting
 * Level 2.7 Maces & Flails
 + Level 3.6 Armour
 - Level 0.4 Dodging
 + Level 3.5 Shields


You had 3 spell levels left.
You didn't know any spells.

Dungeon Overview and Level Annotations

Branches:
Dungeon (2/15)

Altars:
Vehumet

Annotations:
D:2 Crazy Yiuf


Message History

You feel sick. Crazy Yiuf closely misses you.
Your shield and scale mail prevent you from hitting Crazy Yiuf.
Crazy Yiuf is almost dead.
You feel sick.
Crazy Yiuf hits you with a quarterstaff of chaos.
* * * LOW HITPOINT WARNING * * *
You suddenly lose the ability to move!
You flicker for a moment.
* * * LOW HITPOINT WARNING * * *
You feel sick.
Crazy Yiuf screams, "Mugger!
Gum meccalolo testudinal."
Crazy Yiuf barely misses you.
* * * LOW HITPOINT WARNING * * *
You feel sick.
Crazy Yiuf hits you with a quarterstaff of chaos.
* * * LOW HITPOINT WARNING * * *
You are more poisoned.
* * * LOW HITPOINT WARNING * * *
You feel sick.
You die...

#.########
#.............##.#
#.#
###.###########.##.#
#<#
#>...............#..
#.#
#.#.###.....###..#..
#.# #.#.#
#............(
#.######
#.#.###.....###(.#..
#......#
#..........####...##
######.#
#.#g######## #......
#.# #.#@# ##...##
#.# #.#.# #..## #.#
#.#.# #.## ###.#
#.#.###########.#
#...#
#.#....†........#
#.###
#.###############
#.# #.# #.# #.# #.#
#.######


You could see Crazy Yiuf.

Vanquished Creatures
  2 adders (D:2)
  2 ball pythons (D:1)
  A giant cockroach (D:1)
  4 hobgoblins
  7 jackals (D:2)
  5 kobolds (D:1)
  4 bats
  3 giant geckos
  3 giant newts
  6 goblins
  4 rats
  2 fungi (D:2)
43 creatures vanquished.

Notes
Turn   | Place    | Note
--------------------------------------------------------------
     0 | D:1      | Jine the Human Fighter began the quest for the Orb.
     0 | D:1      | Reached XP level 1. HP: 18/18 MP: 1/1
   206 | D:1      | Reached XP level 2. HP: 22/24 MP: 2/2
  1349 | D:2      | Reached XP level 3. HP: 26/29 MP: 3/3
  1410 | D:2      | Found a radiant altar of Vehumet.
  1794 | D:2      | Reached XP level 4. HP: 30/35 MP: 4/4
  2091 | D:2      | Noticed Crazy Yiuf
  2446 | D:2      | Paralysed by Crazy Yiuf for 6 turns
  2449 | D:2      | HP: 1/35 [poisoned by Crazy Yiuf]
  2450 | D:2      | Succumbed to Crazy Yiuf's poison

Vault maps used:
D:1:      dpeg_arrival_leaves_temple_mockup, kennysheep_nondescript
D:2:      nicolae_overflow_crystal_walls, uniq_crazy_yiuf_cottage

Action                   |  1- 3 |  4- 6 || total
-------------------------+-------+-------++-------
Melee: Flail             |   147 |    62 ||   209
       Hammer            |       |    23 ||    23
  Use: Potion            |     3 |     5 ||     8
       Scroll            |       |     6 ||     6
 Stab: Invisible         |       |     1 ||     1
  Eat: Bread ration      |     1 |     1 ||     2
